cohdb
Replays
Latest Replays
All Replays
Popular Replays
Top Player Replays
Match Explorer
How It Works
Community
CoH3 Stats
Reddit
Sign in to upload your games and track your stats! →
Sign in with Steam
Match 42472583
Unlisted
Match 42472583
Overview
Messages
Build Orders
End
Panzergrenadier Squad
250 Light Carrier
Construct Light Support Kompanie
Selects Italian Infantry
Selects Italian Infantry
MG34 Team
2.5-tonne Medical Truck
Selects Defensive Operations
Combat Half-tracks
Fire Support Elements
Panzergrenadier Squad
Veteran Squad Leaders
Construct Mechanized Kompanie
Selects Guastatori Squad
2.5-tonne Medical Truck
Selects Territory Booby Traps
Construct Panzerarmee Kommand
18-tonne Recovery Half-track
Construct Panzerarmee Kommand
Panzer III L Medium Tank
Tungsten Core Ammunition
Selects Registered Artillery
Armored Reserves
Flakvierling Half-track
Selects Propaganda War
Guastatori Squad
Propaganda War
Tiger Heavy Tank
Selects Towed Cannone da 105/28 Field Howitzer
Flak 36 Anti-tank Gun Team
Registered Artillery
Panzer IV Assault Group
Vehicle Survival Package
Emergency Repair Kits
能不能别急
AI
纱条千歌
Yundan
R19
米浴
JT
只出曲线
0
0
Comments
sign in to comment!
No comments posted yet!